 Dungeon Crawl Stone Soup version 0.20-a0-1116-gaa52201 (console) character file.

12686 nht the Carver (level 11, -1/75 HPs)
             Began as a Vampire Earth Elementalist on May 7, 2017.
             Was a High Priest of Okawaru.
             Slain by a wraith (10 damage)
             ... led by Josephine
             ... on level 11 of the Dungeon.
             The game lasted 00:23:28 (8780 turns).

nht the Carver (Vampire Earth Elementalist)         Turns: 8780, Time: 00:23:29

Health: -1/75      AC:  9    Str:  7    XL:     11   Next: 65%
Magic:  14/14      EV: 18    Int: 25    God:    Okawaru [*****.]
Gold:   131        SH:  6    Dex: 17    Spells: 8/14 levels left

rFire    + . .     SeeInvis +   a - +1 long sword
rCold    + . .     Gourm    .   J - +0 buckler
rNeg     . . .     Faith    .   r - +2 leather armour {rF+}
rPois    +         Spirit   .   n - +1 helmet
rElec    .         Reflect  .   q - +0 cloak
rCorr    .         Harm     .   (no gloves)
MR       +....                  (no boots)
Stlth    ++++......             i - amulet of magic regeneration
Regen    0.5/turn               K - ring "Uhicad" {rPois Int+3}
MPRegen  0.3/turn               m - +3 ring of dexterity

@: heroism, regenerating quickly, slowed, drained, very slow
A: fangs 3, see invisible, cold resistance 1, screaming 1, unbreathing
a: Heroism, Finesse, Renounce Religion


You were on level 11 of the Dungeon.
You worshipped Okawaru.
Okawaru was extremely pleased with you.
You were full.

You visited 1 branch of the dungeon, and saw 11 of its levels.
You also visited: Ossuary.

You collected 538 gold pieces.
You spent 407 gold pieces at shops.

Inventory:

Hand Weapons
 a - a +1 long sword (weapon)
 B - a +0 blowgun
 C - a cursed -2 scimitar
Missiles
 b - 53 stones (quivered)
 y - 63 poisoned needles
 z - 5 throwing nets
 A - 5 tomahawks
 D - 6 curare-tipped needles
 P - 3 needles of frenzy
Armour
 n - a +1 helmet (worn)
 q - a +0 cloak (worn)
 r - a +2 leather armour of fire resistance (worn)
 J - a +0 buckler (worn)
 Q - the +8 chain mail "Gyxestib" {rF- rC+++ Int-3 Dex+3}
   (Okawaru gifted it to you on level 10 of the Dungeon)

   It affects your intelligence (-3).
   It affects your dexterity (+3).
   It makes you vulnerable to fire.
   It renders you almost immune to cold.
Jewellery
 i - an amulet of magic regeneration (around neck)
 m - a +3 ring of dexterity (right hand)
 K - the ring "Uhicad" (left hand) {rPois Int+3}
   (You bought it in a shop on level 8 of the Dungeon)

   [ring of poison resistance]

   It affects your intelligence (+3).
   It protects you from poison.
Wands
 k - a wand of iceblast (0/15)
 G - a wand of lightning (0/15)
 I - a wand of polymorph (13/24)
 L - a wand of digging (13/24)
 O - a wand of random effects (8/48)
Scrolls
 c - 2 scrolls of remove curse
 g - 2 scrolls of enchant weapon
 j - a scroll of recharging
 o - 4 scrolls of amnesia
 s - 4 scrolls of immolation
 u - a scroll of vulnerability
 v - 2 scrolls of teleportation
 E - a scroll of identify
 F - a scroll of enchant armour
 N - a scroll of fog
Potions
 d - 4 potions of flight
 h - 4 potions of might
 p - 24 potions of blood
 w - a potion of brilliance
 M - a potion of resistance
Books
 e - a book of Geomancy

   Spells                             Type                      Level
   a - Sandblast                      Earth                        1
   b - Passwall                       Transmutation/Earth          2
   c - Stone Arrow                    Conjuration/Earth            3
   d - Petrify                        Transmutation/Earth          4
   e - Lee's Rapid Deconstruction     Earth                        5


   Skills:
 + Level 3.6(8.5) Fighting
 + Level 13.6(18.5) Long Blades
 + Level 5.0(9.9) Dodging
 - Level 3.0(7.8) Stealth
 + Level 3.6(8.5) Shields
 - Level 2.0(1.8) Spellcasting
   Level 1.1(0.9) Transmutations
 + Level 9.5(9.4) Earth Magic
 + Level 3.8(3.6) Invocations


You had 8 spell levels left.
You knew the following spells:

 Your Spells              Type           Power        Failure   Level  Hunger
a - Sandblast             Erth           #####.       1%          1    #......
b - Lee's Rapid Deconstr  Erth           #####.....   10%         5    ######.


Dungeon Overview and Level Annotations

Branches:
Dungeon (11/15)            Temple (0/1) D:4            Lair (0/6) D:8
    Orc: D:9-12

Altars:
Elyvilon
Hepliaklqana
Kikubaaqudgha
Makhleb
Okawaru
Qazlal
Ru
Sif Muna
Zin
The Shining One

Shops:
D:8 (**   D:9 ?

Annotations:
D:11 Josephine


Innate Abilities, Weirdness & Mutations

Your natural rate of healing is unusually fast.
You have razor-sharp teeth.
You have supernaturally acute eyesight. (SInv)
You can survive without breathing.
Your flesh is cold resistant. (rC+)
You occasionally shout uncontrollably at your foes.


Message History

You hit the wraith but do no damage.
The wraith is severely damaged.
The wraith closely misses you.
Your leather armour prevents you from hitting the wraith.
The wraith is severely damaged.
The wraith hits you.
* * * LOW HITPOINT WARNING * * *
You hit the wraith but do no damage. Your bite misses the wraith.
The wraith is severely damaged.
The wraith closely misses you.
You riposte.
You hit the wraith but do no damage.
The wraith is severely damaged.
You feel better. The wraith hits you.
* * * LOW HITPOINT WARNING * * *
The wraith drains your vigour!
You feel as though you will be slow longer.
You hit the wraith.
The wraith is almost destroyed.
The wraith hits you!
You die...

█.████..█
█......W█
███████.█
█.█ █.█
███.█
█...█


█W███ █@█ █.█ ████████.█ .........█ ██████████ You could see a wraith.

Vanquished Creatures
  3 two-headed ogres
  3 death yaks (D:8)
  2 unseen horrors
  Pikel (D:5)
  An ugly thing (D:11)
  4 centaur zombies
  A gargoyle (D:10)
  A hornet (D:9)
  2 trolls
  2 wyverns
  A wraith (D:10)
  4 yaks (D:11)
  A porcupine (D:7)
  5 orc warriors
  4 sky beasts
  3 ice beasts
  A slave (D:5)
  7 ogres
  3 black bears
  A phantom (D:10)
  A crocodile (D:9)
  A big kobold (D:7)
  2 bullfrogs
  Blork the orc (D:5)
  A wyvern zombie (D:11)
  A gnoll sergeant (D:9)
  3 scorpions
  3 jellies
  4 killer bees (D:9)
  4 crimson imps
  A human zombie (Ossuary)
  A bullfrog zombie (D:8)
  5 hounds
  6 orc wizards
  Crazy Yiuf (D:5)
  5 orc priests
  4 hell rats
  7 worker ants
  4 iguanas
  A hound zombie (D:5)
  3 mummies
  16 gnolls
  2 howler monkey skeletons
  18 adders
  A river rat (D:8)
  2 oozes
  5 adder skeletons
  An adder zombie (D:7)
  2 worms
  4 dart slugs
  5 leopard geckos
  39 orcs
  4 giant cockroaches
  7 hobgoblins
  18 jackals
  7 quokkas
  5 bats
  2 frilled lizards (D:2)
  12 goblins
  3 goblin zombies (Ossuary)
  12 hobgoblin zombies (Ossuary)
  4 jackal zombies (Ossuary)
  12 kobolds
  7 kobold zombies (Ossuary)
  7 orc zombies (Ossuary)
  A quokka skeleton (D:7)
  8 rats
  A fungus (D:5)
314 creatures vanquished.

Vanquished Creatures (others)
  A yak (D:11)
  A human (D:2)
  An adder (D:3)
  A bat (D:3)
4 creatures vanquished.

Grand Total: 318 creatures vanquished

Notes
Turn   | Place    | Note
-------+----------+-------------------------------------------
     0 | D:1      | nht the Vampire Earth Elementalist began the quest for the Orb.
     0 | D:1      | Reached XP level 1. HP: 13/13 MP: 3/3
   282 | D:1      | Reached XP level 2. HP: 19/19 MP: 0/5
   647 | D:2      | Reached XP level 3. HP: 24/24 MP: 1/6
   707 | D:2      | Found a faded altar of an unknown god.
   736 | D:2      | Became a worshipper of Warmaster Okawaru
   736 | D:2      | Reached * piety under Okawaru
  1035 | D:2      | Reached XP level 4. HP: 30/30 MP: 1/7
  1109 | D:2      | Found an ancient bone altar of Kikubaaqudgha.
  1109 | D:2      | Noticed a human
  1113 | D:2      | Killed a human
  1201 | D:2      | Reached skill level 5 in Earth Magic
  1707 | D:3      | Found a glowing golden altar of the Shining One.
  1707 | D:3      | Found a deep blue altar of Sif Muna.
  1715 | D:3      | Reached XP level 5. HP: 35/35 MP: 3/8
  2098 | D:4      | Found a staircase to the Ecumenical Temple.
  2133 | D:4      | Noticed an ogre
  2140 | D:4      | Killed an ogre
  2140 | D:4      | Reached ** piety under Okawaru
  2140 | D:4      | Reached XP level 6. HP: 22/41 MP: 2/9
  2258 | D:4      | Learned a level 5 spell: Lee's Rapid Deconstruction
  2702 | D:4      | Reached XP level 7. HP: 46/46 MP: 7/10
  3020 | D:5      | Entered Level 5 of the Dungeon
  3052 | D:5      | Reached skill level 1 in Long Blades
  3149 | D:5      | Reached skill level 2 in Long Blades
  3177 | D:5      | Noticed Pikel
  3196 | D:5      | Killed Pikel
  3196 | D:5      | Reached *** piety under Okawaru
  3196 | D:5      | Reached skill level 5 in Long Blades
  3196 | D:5      | Reached XP level 8. HP: 12/52 MP: 3/11
  3350 | D:5      | Reached skill level 6 in Long Blades
  3361 | D:5      | Found a burning altar of Makhleb.
  3400 | D:5      | Reached skill level 7 in Long Blades
  3465 | D:5      | Noticed Blork the orc
  3471 | D:5      | Killed Blork the orc
  3766 | D:5      | Found a runed door.
  3770 | D:5      | Noticed Crazy Yiuf
  3772 | D:5      | Killed Crazy Yiuf
  3870 | D:6      | Reached skill level 8 in Long Blades
  4057 | D:6      | Noticed a troll
  4090 | D:6      | Reached **** piety under Okawaru
  4209 | D:6      | Gained mutation: Your muscles are strong. (Str +2) [potion of mutation]
  4209 | D:6      | Gained mutation: You are partially covered in yellow scales. (AC +2) [potion of mutation]
  4209 | D:6      | Gained mutation: Your mind is acute. (Int +2) [potion of mutation]
  4220 | D:6      | Killed a troll
  4220 | D:6      | Reached skill level 9 in Long Blades
  4220 | D:6      | Reached XP level 9. HP: 40/57 MP: 4/12
  4294 | D:6      | Found a sand-covered staircase.
  4423 | Ossuary  | Entered an ossuary
  4599 | Ossuary  | Reached skill level 10 in Long Blades
  5648 | D:7      | Received a gift from Okawaru
  5773 | D:7      | Found a hazy altar of Hepliaklqana.
  5816 | D:7      | Noticed an angel
  5817 | D:7      | Found a glowing silver altar of Zin.
  5877 | D:7      | Reached skill level 11 in Long Blades
  6256 | D:8      | Found Wievvuje's Weapon Shop.
  6319 | D:8      | Noticed a death yak
  6443 | D:8      | Noticed a death yak
  6448 | D:8      | Noticed a death yak
  6482 | D:8      | Killed a death yak
  6482 | D:8      | Reached ***** piety under Okawaru
  6482 | D:8      | Reached skill level 12 in Long Blades
  6482 | D:8      | Reached XP level 10. HP: 63/63 MP: 13/13
  6486 | D:8      | Killed a death yak
  6486 | D:8      | Received a gift from Okawaru
  6489 | D:8      | Killed a death yak
  6489 | D:8      | Reached skill level 13 in Long Blades
  6491 | D:8      | Got a fabulously ornate robe {god gift}
  6537 | D:7      | Identified the +1 robe of Divine Compulsion {Dex+2} (Okawaru gifted it to you on level 8 of the Dungeon)
  6570 | D:8      | Found a staircase to the Lair.
  6663 | D:8      | Found a sacrificial altar of Ru.
  6687 | D:8      | Found Gujer's Assorted Antiques.
  6696 | D:8      | Bought a golden potion for 26 gold pieces
  6696 | D:8      | Bought a smoky white potion for 26 gold pieces
  6696 | D:8      | Bought a worn glass wand for 116 gold pieces
  6696 | D:8      | Bought a scroll of identify for 58 gold pieces
  6696 | D:8      | Bought a scroll of identify for 58 gold pieces
  6741 | D:8      | Found Vyityrgh's Assorted Antiques.
  6749 | D:8      | Bought a wavering turquoise ring for 95 gold pieces
  6750 | D:8      | Identified the ring "Uhicad" {rPois Int+3} (You bought it in a shop on level 8 of the Dungeon)
  7014 | D:9      | Found a stormy altar of Qazlal.
  7028 | D:9      | Noticed a two-headed ogre
  7032 | D:9      | Killed a two-headed ogre
  7032 | D:9      | Reached skill level 1 in Fighting
  7032 | D:9      | Reached skill level 1 in Shields
  7032 | D:9      | Reached skill level 1 in Invocations
  7115 | D:9      | Found Piklicet's Magic Scroll Emporium.
  7123 | D:9      | Bought a scroll of fog for 28 gold pieces
  7431 | D:9      | Found an iron altar of Okawaru.
  7799 | D:9      | Reached XP level 11. HP: 72/72 MP: 12/14
  7861 | D:10     | Entered Level 10 of the Dungeon
  7924 | D:10     | Noticed an unseen horror
  7930 | D:10     | Killed an unseen horror
  8016 | D:10     | Noticed a two-headed ogre
  8020 | D:10     | Killed a two-headed ogre
  8197 | D:10     | Received a gift from Okawaru
  8200 | D:10     | Got a crude chain mail {god gift}
  8251 | D:10     | Noticed a centaur warrior
  8288 | D:10     | Identified the +8 chain mail "Gyxestib" {rF- rC+++ Int-3 Dex+3} (Okawaru gifted it to you on level 10 of the Dungeon)
  8567 | D:11     | Noticed a two-headed ogre
  8573 | D:11     | Killed a two-headed ogre
  8576 | D:11     | Noticed a red ugly thing
  8610 | D:11     | Found a white marble altar of Elyvilon.
  8637 | D:11     | Killed a red ugly thing
  8645 | D:11     | Noticed Josephine
  8662 | D:11     | Lost mutation: Your mind is acute. (Int +2) [potion of mutation]
  8662 | D:11     | Lost mutation: You are partially covered in yellow scales. (AC +2) [potion of mutation]
  8662 | D:11     | Lost mutation: Your muscles are strong. (Str +2) [potion of mutation]
  8662 | D:11     | Gained mutation: You occasionally shout uncontrollably at your foes. [potion of mutation]
  8662 | D:11     | Gained mutation: Your flesh is cold resistant. (rC+) [potion of mutation]
  8715 | D:11     | Noticed an unseen horror
  8719 | D:11     | Killed an unseen horror
  8719 | D:11     | Reached skill level 5 in Dodging
  8780 | D:11     | Slain by a wraith

Vault maps used:
D:1:      dpeg_arrival_leaves_temple_mockup
D:2:      chequers_ecumenical_altar_island, minmay_stone_trees_large,
          tgw_kikubaaqudgha
D:3:      chequers_temple_overflow_statue_of_worship, minmay_door_square,
          lemuel_old_faithful
D:4:      temple_fountains, first_bread, st_stairs_10
D:5:      kennysheep_mini, kennysheep_boxes, uniq_blork_the_orc, uniq_pikel,
          uniq_crazy_yiuf_cottage
D:6:      corexii_shantytown, gup_ossuary_entry_pyramid
D:7:      kennysheep_mini_moat, zin_angel, serial_glass, glass_columns_a,
          glass_columns_c, glass_columns_b, glass_columns_b, glass_columns_b,
          glass_columns_b, glass_columns_a, glass_columns_a, glass_columns_a,
          glass_columns_b, roderic_serpentine_path, grunt_ogre_cave
D:8:      dpeg_lair_monsters, serial_shops, nicolae_shop_overgrown_old_shop,
          shop, shop, nicolae_ru_path_of_blood
D:9:      lemuel_doored_altar, serial_shops, shop,
          nicolae_qazlal_style_of_elements
D:11:     basic_altar, uniq_harold, uniq_josephine
Ossuary:  ossuary_tomb_1

Skill      XL: |  1  2  3  4  5  6  7  8  9 10 11 |
---------------+----------------------------------+-----
Earth Magic    | 4 5 7 8 9 |  9.5
Long Blades    | 5 9 12 13 | 13.6
Fighting       | 1 3 |  3.6
Shields        | 2 3 |  3.6
Invocations    | 2 3 |  3.8
Dodging        | 3 5 |  5.0
Stealth        | |  3.0
Spellcasting   | |  2.0
Transmutations | |  1.1

Action                   |  1- 3 |  4- 6 |  7- 9 | 10-12 || total
-------------------------+-------+-------+-------+-------++-------
Melee: Unarmed           |    17 |       |       |       ||    17
       Bite              |     2 |       |    29 |     3 ||    34
       Mace              |    10 |     1 |       |       ||    11
       Long sword        |       |       |   209 |    66 ||   275
 Cast: Sandblast         |    49 |    74 |   170 |   160 ||   453
Invok: Heroism           |       |       |       |     4 ||     4
Evoke: Wand              |       |       |    16 |    27 ||    43
  Use: Potion            |     9 |     7 |    15 |    16 ||    47
       Scroll            |     4 |    10 |     8 |    10 ||    32
 Stab: Sleeping          |       |       |     7 |       ||     7
  Eat: Corpse            |     1 |     1 |     7 |     3 ||    12
Armor: Robe              |     5 |     2 |     6 |       ||    13
       Skin              |       |       |    25 |    14 ||    39
       Leather armour    |       |       |    59 |    22 ||    81
Dodge: Dodged            |    30 |     9 |   131 |    59 ||   229
Block: Buckler           |       |       |       |    15 ||    15
       Rpst.: Long sword |       |       |    42 |    18 ||    60
